 Dungeon Crawl Stone Soup version 0.31-a0-496-g6f97920a28 (webtiles) character file.

Game seed: 12103130381135015616

41 arthad the Firebug (level 3, -1/24 HPs)
             Began as a Demonspawn Fire Elementalist on Aug 9, 2023.
             Slain by Jessica
             ... wielding a +1 dagger of venom
              (5 damage)
             ... on level 2 of the Dungeon.
             The game lasted 00:03:59 (1500 turns).

arthad the Firebug (Demonspawn Fire Elementalist)   Turns: 1500, Time: 00:04:00

Health: -1/24      AC:  3    Str:  8    XL:     3   Next: 32%
Magic:  0/6        EV: 12    Int: 18    God:
Gold:   67         SH:  0    Dex: 13    Spells: 3/6 levels left

rFire   . . .        (no weapon)
rCold   . . .        (no shield)
rNeg    . . .        a - +0 robe
rPois   .            (no helmet)
rElec   .            e - +0 cloak
rCorr   .            (no gloves)
SInv    .            (no boots)
Will    .....        (no amulet)
Stlth   ++           (no ring)
HPRegen 0.24/turn    (no ring)
MPRegen 0.10/turn

%: no passive effects
@: brilliant, lethally poisoned (-1 -> -19)
A: ignite blood 1, powered by death 1
a: no special abilities


You were on level 2 of the Dungeon.
You visited 1 branch of the dungeon, and saw 2 of its levels.

You collected 67 gold pieces.

Inventory:

Hand Weapons
 n - a +0 broad axe
Missiles
 j - 11 poisoned darts
Armour
 a - a +0 robe (worn)
 e - a +0 cloak (worn)
Jewellery
 d - an amulet of guardian spirit
Scrolls
 f - a scroll of enchant armour {unknown}
 h - a scroll of vulnerability {unknown}
 k - a scroll of identify {unknown}
 l - a scroll of immolation {unknown}
 p - a scroll of teleportation {unknown}
Potions
 b - a potion of magic
 m - a potion of haste {unknown}
 o - a potion of might {unknown}


   Skills:
 + Level 0.0 Fighting
 + Level 2.2 Dodging
 + Level 2.2 Stealth
 * Level 2.3 Spellcasting
 * Level 1.5 Conjurations
 * Level 3.0 Fire Magic


You had 3 spell levels left.
You knew the following spells:

 Your Spells              Type           Power      Damage    Failure   Level
a - Foxfire               Conj/Fire      60%        2x1d7     7%          1
b - Scorch                Fire           38%        2d6       8%          2

Your spell library contained the following spells:

 Spells                   Type           Power      Damage    Failure   Level
 Inner Flame              Hex/Fire       11%        N/A       28%         3
 Volatile Blastmotes      Fire/Tloc      22%        2d11      28%         3
 Flame Wave               Conj/Fire      15%        2d7       56%         4


Dungeon Overview and Level Annotations

Branches:
Dungeon (2/15)

Altars:

Annotations:
D:2 Jessica


Innate Abilities, Weirdness & Mutations

Your demonic aura sometimes causes spilled blood to erupt in flames.
You regenerate a little health from kills.


Message History

Something misses your butterfly. Something hits your butterfly.
Your butterfly dies!
Your butterfly disappears in a burst of colours!
There is an open door here.
You conjure some foxfire!
Something barely misses your butterfly.
The foxfire hits the rat.
You kill the rat!
Something hits your butterfly.
Your butterfly dies!
Your butterfly disappears in a burst of colours!
Your foxfire dissipates!
Jessica attacks as you move away!
Jessica hits you with a +1 dagger of venom.
You are poisoned.
You feel sick.
There is an open door here.
You conjure some foxfire!
You feel sick. Jessica casts a spell at you. You resist with some effort.
Jessica gestures wildly.
Jessica hits you but does no damage.
You are more poisoned.
Okay, then.
You feel very sick.
The foxfire hits Jessica but does no damage.
The foxfire hits Jessica.
Jessica is moderately wounded.
Jessica barely misses you.
It was a potion of cancellation.
You feel magically purged.
You feel very sick.
Your butterfly disappears in a burst of colours!
Jessica closely misses you.
Jessica hits you with a +1 dagger of venom.
You are more poisoned.
It was a potion of brilliance.
You feel clever all of a sudden.
* * * LOW HITPOINT WARNING * * *
You feel very sick.
Jessica hits you with a +1 dagger of venom.
You die...

#..##.###.#.###.##.....
#..##.###.#.##...#.###.
#.........#.#......#
#.........#........#
###....########.#### #.#### #...
#.# #.### ### #.# ##'## ..# #.#
##.@@## #b## #.### ##.....##
###b.## #.#.## ##..b.b..##
##.#b.>##
##....####.....b...####bbbbb..##
##.#......'.b.......'....bb..bb..
#.###..####......b..####..b#@####
##.#..## ##.......## ##.##.#
##.### ##........ b...#.# #.#
##...#.#######b#.# ##


You could see Jessica (fast, ally target).

Vanquished Creatures
  2 dart slugs (D:1)
  A bat (D:1)
  10 endoplasms
  A giant cockroach (D:1)
  2 goblins
  2 hobgoblins
  4 jackals (D:2)
  2 quokkas
  A ball python (D:2)
  3 frilled lizards (D:1)
  A kobold (D:1)
  2 rats (D:2)
31 creatures vanquished.

Vanquished Creatures (others)
  94 foxfires
94 creatures vanquished.

Grand Total: 125 creatures vanquished

Notes
Turn   | Place    | Note
-------+----------+-------------------------------------------
     0 | D:1      | arthad the Demonspawn Fire Elementalist began the quest for
                  | the Orb.
     0 | D:1      | Reached XP level 1. HP: 13/13 MP: 3/3
   157 | D:1      | Gained mutation: Your demonic aura sometimes causes spilled
                  | blood to erupt in flames. [demonic ancestry]
   157 | D:1      | Reached XP level 2. HP: 19/19 MP: 1/5
  1166 | D:2      | Gained mutation: You regenerate a little health from kills.
                  | [demonic ancestry]
  1166 | D:2      | Reached XP level 3. HP: 18/24 MP: 2/6
  1169 | D:2      | Learned a level 2 spell: Scorch
  1372 | D:2      | Reached skill level 3 in Fire Magic
  1460 | D:2      | Noticed Jessica
  1500 | D:2      | Slain by Jessica

Illustrated notes

Levels and vault maps discovered:
D:1:      minmay_arrival_arboretum_small, layout_loops_ring
D:2:      layout_loops_corners, glass_columns_b, minmay_hexomino_f4,
          uniq_jessica, uniq_crazy_yiuf_cottage

Skill      XL: |  1  2  3 |
---------------+----------+-----
Stealth        | 2 |  2.2
Dodging        | 2 |  2.2
Fire Magic     | 3 |  3.0
Spellcasting   | |  2.3
Conjurations   | |  1.5

Action                     || total
---------------------------++-------
  Melee: Unarmed           ||     9
   Cast: Foxfire           ||    53
    Use: Potion            ||     2
         Scroll            ||     1
 Armour: Robe              ||     8
  Dodge: Dodged            ||    26

Table legend: (Time is in decaauts)
 A = Elapsed time spent in this place.
 B = Non-inter-level travel time spent in this place.
 C = Inter-level travel time spent in this place.
 D = Time resting spent in this place.
 E = Time spent auto-exploring this place.
 F = Levels seen in this place.
 G = Mean time per level.
                   A        B        C        D        E       F      G
               +--------+--------+--------+--------+--------+-----+--------+
         Total |   1499 |   1458 |     41 |      0 |   1228 |   2 |  749.5 |
       Dungeon |   1499 |   1458 |     41 |      0 |   1228 |   2 |  749.5 |
               +--------+--------+--------+--------+--------+-----+--------+

Top non-repeatable levels by time:
     D:1: 1025 daAuts
     D:2: 474 daAuts
